 Dungeon Crawl Stone Soup version 0.25.1-2-g60ff931df9 (webtiles) character file.

Game seed: 8588650376006107199

48 DildoBatman the Magician (level 4, -2/30 HPs)
             Began as a Formicid Wizard on Sept 10, 2020.
             Slain by an orc (4 damage)
             ... on level 3 of the Dungeon.
             The game lasted 00:04:04 (1641 turns).

DildoBatman the Magician (Formicid Wizard)          Turns: 1641, Time: 00:04:04

Health: -2/30      AC:  2    Str: 12    XL:     4   Next: 0%
Magic:  8/8        EV: 12    Int: 18    God:
Gold:   32         SH:  0    Dex:  9    Spells: 8/9 levels left

rFire    . . .     SeeInvis +   a - +0 hunting sling
rCold    . . .     Gourm    .   (no shield)
rNeg     . . .     Faith    .   g - +0 robe
rPois    .         Spirit   .   (helmet unavailable)
rElec    .         Reflect  .   (no cloak)
rCorr    .         Harm     .   (no gloves)
MR       .....                  (no boots)
Stlth    ++........             (no amulet)
HPRegen  0.10/turn              (no ring)
MPRegen  0.11/turn              (no ring)

@: no status effects
A: permanent stasis, dig shafts and tunnels, four strong arms, antennae 3
a: Dig, Shaft Self


You were on level 3 of the Dungeon.
You were not hungry.

You visited 1 branch of the dungeon, and saw 3 of its levels.

You collected 32 gold pieces.

Inventory:

Hand Weapons
 a - a +0 hunting sling (weapon)
 b - a +0 whip of draining
 e - a +0 quarterstaff
Missiles
 c - 68 stones (quivered)
 i - 12 arrows
Armour
 g - a +0 robe (worn)
Scrolls
 h - 2 scrolls of noise {unknown}
 j - 3 scrolls of identify {unknown}
 m - a scroll of fog {unknown}
 n - 2 scrolls of remove curse {unknown}
 p - a scroll of enchant weapon {unknown}
Potions
 d - 2 potions of brilliance {unknown}
 f - a potion of stabbing {unknown}
 k - a potion of curing {unknown}
 o - a potion of flight {unknown}
 q - a potion of degeneration {unknown}
 r - a potion of mutation {unknown}
Comestibles
 v - 5 rations


   Skills:
 - Level 1.7 Dodging
 - Level 2.4 Stealth
 - Level 3.2 Spellcasting
 * Level 3.1 Conjurations
   Level 1.0 Summonings
   Level 0.8 Translocations


You had 8 spell levels left.
You knew the following spells:

 Your Spells              Type           Power        Failure   Level  Hunger
c - Magic Dart            Conj           ##..         4%          1    None

Your spell library contained the following spells:

 Spells                   Type           Power        Failure   Level  Hunger
 Call Imp                 Summ           #.......     16%         2    ##.....
 Slow                     Hex            #.......     24%         2    ##.....
 Conjure Flame            Conj/Fire      #.......     26%         3    ###....
 Mephitic Cloud           Conj/Pois/Air  #.......     30%         3    ###....
 Blink                    Tloc           Unusable     N/A         2    N/A

Dungeon Overview and Level Annotations

Branches:
Dungeon (3/15)

Altars:


Innate Abilities, Weirdness & Mutations

You cannot be hasted, slowed, berserked, paralysed or teleported.
You can dig through walls and to a lower floor.
Your four strong arms can wield two-handed weapons with a shield.
You have a pair of large antennae on your head. (SInv)


Message History

t - Shout!
Orders for allies: a - Attack new target. r - Retreat! s - Stop attacking. g - Guard the area. f - Follow me.
Anything else - Cancel.
You shout for attention!
You hear a bark!
The rat misses you. The orc hits you. What are your orders? t - Shout!
Orders for allies: a - Attack new target. r - Retreat! s - Stop attacking. g - Guard the area. f - Follow me.
Anything else - Cancel.
You shout for attention!
You hear a bark!
The rat closely misses you. The orc hits you.
You die...

#. #.
#. #.
#g #K
###o###
#...@.#
#.#r###
.KS{{{{
...#. {
#....#.
.... ..
#.. .#
... .


You could see an adder, an orc, a goblin, 2 kobolds and a rat.

Vanquished Creatures
  An adder (D:2)
  A dart slug (D:2)
  2 ball pythons
  3 giant cockroaches
  5 goblins (D:1)
  4 hobgoblins
  3 jackals (D:1)
  4 bats
  2 frilled lizards (D:1)
  5 kobolds
  3 rats (D:1)
33 creatures vanquished.

Notes
Turn   | Place    | Note
-------+----------+-------------------------------------------
     0 | D:1      | DildoBatman the Formicid Wizard began the quest for the
                  | Orb.
     0 | D:1      | Reached XP level 1. HP: 13/13 MP: 4/4
    76 | D:1      | Reached skill level 1 in Conjurations
   368 | D:1      | Reached XP level 2. HP: 11/19 MP: 1/6
   820 | D:1      | Reached XP level 3. HP: 13/24 MP: 1/7
  1563 | D:2      | Reached XP level 4. HP: 29/30 MP: 5/8
  1641 | D:3      | Slain by an orc

Illustrated notes

Levels and vault maps discovered:
D:1:      dpeg_arrival_leaves_temple_mockup, layout_basic, hex_tiny,
          minivault_4, kennysheep_crisscross
D:2:      layout_basic, chequers_ecumenical_altar_simple_redux
D:3:      layout_basic, chequers_temple_overflow_statue_of_worship,
          okawaru_gym_becter

Skill      XL: |  1  2  3 |
---------------+----------+-----
Conjurations   | 1 2 3 |  3.1
Dodging        | |  1.7
Stealth        | |  2.4
Spellcasting   | |  3.2
Summonings     | |  1.0
Translocations | |  0.8

Action                   |  1- 3 |  4- 6 || total
-------------------------+-------+-------++-------
Melee: Short sword       |     4 |       ||     4
       Whip              |    32 |       ||    32
 Fire: Hunting sling     |     6 |       ||     6
 Cast: Magic Dart        |    77 |       ||    77
 Abil: Dig               |     2 |       ||     2
 Stab: Sleeping          |     2 |       ||     2
  Eat: Chunk             |     2 |       ||     2
Armor: Robe              |    16 |     3 ||    19
Dodge: Dodged            |    44 |    30 ||    74
